Match 42634931
Unlisted

Match 42634931
End
Kradschützen Motorcycle Team
Selects Italian Combined Arms Battlegroup
Selects Bersaglieri Squad
Bersaglieri Squad
Panzergrenadier Squad
Bersaglieri Squad
Construct Light Support Kompanie
Selects Bersaglieri Bolster
2.5-tonne Medical Truck
Construct Mechanized Kompanie
8 Rad Armored Car
Support Armor Elements
StuG III D Assault Gun
StuG III D Assault Gun
سَۨفُـيٰانۨوٰس
nflteen62722
0
0

Comments sign in to comment!

No comments posted yet!